Map: Proxima Station LE

Players

Nerchio - Winner!

  • Race: Zerg Zerg
  • Spawn Location: 7:00

Zest

  • Race: Protoss Protoss
  • Spawn Location: 1:00

Event: IEM XI Katowice - World Championship 2017

VOD

Have the link to the VOD?

Description

Time

  • Played on: March 3, 2017, 5:46 a.m.
  • Length: 7:23

All games in this series

Show
View Real Time Build Order
Export as new Build Order

Nerchio Zerg - Winner!

Build Orders: Pool First 

Get SALT Encoding   

  12  0:00  Drone  
  13  0:12  Overlord  
  13  0:17  Drone  
  14  0:31  Drone x2  
  14  0:34  Drone  
  17  0:44  Extractor  
  17  0:45  Drone  
  17  0:49  Spawning Pool  
  16  0:56  Drone  
  17  1:16  Hatchery  
  16  1:20  Drone  
  16  1:24  Drone  
  18  1:37  Queen  
  20  1:42  Zergling x2  
  21  1:48  Metabolic Boost  
  21  1:55  Overlord  
  21  1:58  Zergling x2  
  22  2:13  Drone x2  
  22  2:15  Queen  
  26  2:23  Drone  
  26  2:27  Drone  
  28  2:32  Evolution Chamber, Drone  
  28  2:41  Zergling x2  
  29  2:45  Zergling x2, Overlord  
  29  2:46  Zergling x2  
  29  2:49  Zergling x2  
  31  2:52  Zergling x2  
  31  2:56  Zergling x2  
  33  3:03  Zergling x2  
  34  3:09  Zergling x2  
  34  3:11  Zergling x2  
  36  3:19  Drone x4  
  40  3:22  Drone x2  
  40  3:25  Overlord  
  42  3:35  Drone  
  42  3:38  Overlord  
  43  3:46  Drone x3  
  46  3:49  Overlord  
  46  4:05  Drone x2  
  46  4:07  Drone  
  47  4:10  Lair  
  47  4:11  Zergling x6  
  47  4:12  Zergling x2  
  50  4:18  Queen, Drone  
  50  4:22  Spore Crawler  
  50  4:23  Zergling x4  
  53  4:24  Zergling x2  
  53  4:25  Zergling x2  
  55  4:34  Zergling x4  
  55  4:38  Drone x2  
  57  4:42  Drone x2  
  57  4:44  Drone  
  60  4:53  Spore Crawler  
  58  5:00  Zergling x2  
  58  5:01  Zergling x6  
  58  5:04  Spore Crawler  
  58  5:07  Zergling x4  
  60  5:15  Queen x2  
  57  5:23  Roach Warren  
  57  5:25  Hatchery  
  57  5:26  Drone  
  57  5:27  Drone x2  
  57  5:29  Overseer  
  57  5:30  Drone  
  57  5:31  Drone  
  59  5:40  Zergling x8  
  63  5:44  Overlord  
  63  5:46  Zergling x2  
  63  5:47  Zergling x2  
  63  5:49  Zergling x2  
  67  5:50  Zergling x2  
  66  6:06  Zergling x4  
  66  6:11  Drone x2  
  65  6:20  Queen, Evolution Chamber  
  65  6:22  Overlord  
  65  6:23  Overlord  
  66  6:31  Overlord  
  64  6:32  Overlord  
  64  6:38  Overlord  
  62  6:41  Drone  
  62  6:43  Roach  
  62  6:52  Roach x4  
  62  6:53  Roach  
  71  6:59  Roach  
  76  7:04  Roach  
  82  7:18  Spore Crawler  
Show
View Real Time Build Order
Export as new Build Order

Zest Protoss 

Build Orders: 1 Gate Expand, Zealot Archon, Dark Templar Rush 

Get SALT Encoding   

  12  0:00  Probe (Chrono Boost)  
  13  0:11  Probe (Chrono Boost)  
  14  0:18  Pylon  
  14  0:22  Probe (Chrono Boost)  
  15  0:36  Probe (Chrono Boost)  
  15  0:38  Gateway  
  16  0:47  Probe (Chrono Boost)  
  16  0:48  Assimilator  
  17  0:58  Probe (Chrono Boost)  
  18  1:08  Probe (Chrono Boost)  
  19  1:23  Nexus  
  19  1:26  Probe (Chrono Boost)  
  20  1:35  Cybernetics Core  
  20  1:38  Probe (Chrono Boost)  
  21  1:44  Assimilator  
  21  1:49  Probe (Chrono Boost)  
  22  1:54  Pylon  
  22  1:59  Probe (Chrono Boost)  
  23  2:09  Adept  
  23  2:12  Warp Gate  
  23  2:14  Probe (Chrono Boost)  
  26  2:26  Probe (Chrono Boost)  
  26  2:27  Twilight Council  
  27  2:36  Probe (Chrono Boost)  
  29  2:37  Probe (Chrono Boost)  
  29  2:47  Probe (Chrono Boost)  
  30  2:53  Robotics Facility  
  30  2:55  Probe (Chrono Boost)  
  30  2:57  Probe (Chrono Boost)  
  32  3:05  Probe (Chrono Boost)  
  33  3:08  Probe (Chrono Boost)  
  33  3:10  Dark Shrine  
  34  3:16  Probe (Chrono Boost)  
  34  3:18  Probe (Chrono Boost)  
  36  3:26  Gateway  
  36  3:28  Gateway  
  36  3:31  Gateway  
  36  3:43  Probe (Chrono Boost)  
  36  3:44  Probe (Chrono Boost)  
  36  3:48  Assimilator  
  40  3:50  Assimilator  
  40  3:54  Pylon  
  40  3:59  Warp Prism  
  38  4:04  Pylon  
  38  4:08  Pylon  
  27  4:42  Probe (Chrono Boost)  
  27  4:44  Probe (Chrono Boost)  
  29  4:57  Dark Templar x2  
  30  5:03  Probe (Chrono Boost)  
  30  5:04  Probe (Chrono Boost)  
  30  5:29  Archon  
  30  5:31  Zealot x2  
  30  5:32  Zealot  
  30  5:35  Probe (Chrono Boost)  
  37  5:38  Pylon  
  37  5:46  Probe (Chrono Boost)  
  37  5:47  Probe (Chrono Boost)  
  35  6:15  Zealot x3, Probe x2 (Chrono Boost)  
  41  6:25  Probe x2 (Chrono Boost)  
  43  6:36  Probe x2 (Chrono Boost)  
  43  6:37  Adept x2  
  45  6:46  Probe (Chrono Boost)  
  45  6:47  Probe (Chrono Boost)  
  41  6:54  Assimilator  
  41  6:57  Probe x2 (Chrono Boost)  
  41  6:58  Assimilator  
  43  7:01  Zealot x3  
  43  7:07  Probe (Chrono Boost)  
  43  7:08  Probe (Chrono Boost)  

Tags
 
Add a new tag
Caveats
  • Supply blocks, unpowered buildings, or Contaminate may cause inaccurate times.
  • Supply counts are checked every 10 seconds.